 Dungeon Crawl Stone Soup version 0.31-a0-1388-g4b2ba238e7 (webtiles) character file.

Game seed: 10591786875068868576

2690 Loonster the Grappler (level 9, 0/80 HPs)
             Began as a Troll Berserker on Dec 24, 2023.
             Was a High Priest of Trog.
             Slain by an orc priest
             ... wielding a +2 falchion of electrocution
              (13 damage)
             ... on level 7 of the Dungeon.
             The game lasted 00:07:18 (5321 turns).

Loonster the Grappler (Troll Berserker)             Turns: 5321, Time: 00:07:18

Health: 0/80       AC:  4    Str: 27    XL:     9   Next: 38%
Magic:  8/8        EV: 10    Int:  5    God:    Trog [*****.]
Gold:   474        SH:  0    Dex: 11    Spells: 8/8 levels left

rFire   . .          .
                       - Unarmed
rCold   . . .        (no shield)
rNeg    . . .        a - +0 animal skin
rPois   .            (helmet currently unavailable)
rElec   .            (cloak currently unavailable)
rCorr   .            (gloves unavailable)
SInv    .            (boots unavailable)
Will    ++...        (no amulet)
Stlth   +            (no ring)
HPRegen 2.13/turn    (no ring)
MPRegen 0.11/turn

%: no passive effects
@: beast-form, strong-willed, regenerating
A: beast (slay +4), large, unfitting armour, claws 3, regeneration 1, shaggy fur
1, tough skin 1
a: Begin Untransformation, Renounce Religion, Berserk, Trog's Hand, Brothers in
Arms


You were on level 7 of the Dungeon.
You worshipped Trog.
Trog was extremely pleased with you.
You were a hulking beast.
You visited 1 branch of the dungeon, and saw 7 of its levels.
You also visited: Ossuary.

You collected 474 gold pieces.

Inventory:

Hand Weapons
 v - the +2 sling "Satex" {elec, rF+ rN+ Will+}
   (You found it on level 4 of the Dungeon)

   rF+:       It protects you from fire.
   rN+:       It protects you from negative energy.
   Will+:     It increases your willpower.
Missiles
 i - 6 curare-tipped darts
Armour
 a - a +0 animal skin (worn)
Jewellery
 A - a ring of protection from cold
Talismans
 t - a beast talisman (active)
Wands
 p - a wand of charming (6)
 B - a wand of mindburst (16)
Scrolls
 c - a scroll of poison {unknown}
 d - a scroll of enchant weapon {unknown}
 e - 3 scrolls of vulnerability {unknown}
 f - a scroll of silence {unknown}
 g - 5 scrolls of teleportation {unknown}
 h - a scroll of amnesia {unknown}
 q - 7 scrolls of blinking {unknown}
 r - 4 scrolls of noise {unknown}
 u - 3 scrolls of identify {unknown}
 w - a scroll of torment {unknown}
 y - 2 scrolls of immolation {unknown}
 z - a scroll of fog {unknown}
 D - a scroll of summoning {unknown}
Potions
 b - 7 potions of curing {unknown}
 j - 2 potions of enlightenment {unknown}
 k - 2 potions of might {unknown}
 l - a potion of mutation {unknown}
 m - 2 potions of heal wounds {unknown}
 n - 2 potions of lignification {unknown}
 o - a potion of brilliance {unknown}
 s - a potion of haste {unknown}
 x - a potion of cancellation {unknown}
 C - a potion of degeneration {unknown}
 E - a potion of attraction {unknown}


   Skills:
 - Level 2.4 Fighting
 - Level 2.4 Dodging
 + Level 10.6 Unarmed Combat
 - Level 7.2 Shapeshifting


You had 8 spell levels left.
You didn't know any spells.
Your spell library was empty.

Dungeon Overview and Level Annotations

Branches:
Dungeon (7/15)             Temple (0/1) D:6         Ossuary (visited)

Altars:
Ashenzari

Shops:
D:2 =


Innate Abilities, Weirdness & Mutations

You are a hulking beast.
Your limbs bulge with bestial killing power. (Slay +4)
You are too large for most types of armour.
You have claws for hands.
Your natural rate of healing is unusually fast.
You are covered in fur. (AC +1)
You have tough skin. (AC +1)


Message History

* * * LOW HITPOINT WARNING * * *
Something completely misses you. Something hits you but does no damage.
You closely miss something. You mangle something!! Trog accepts your kill.
Trog appreciates your killing of a magic user.
Reactivating autopickup.
You feel a bit more experienced. Something hits you.
* * * LOW HITPOINT WARNING * * *
Something shocks you.
* * * LOW HITPOINT WARNING * * *
Deactivating autopickup; reactivate with Ctrl-A.
The orc wizard casts a spell.
The orc wizard flickers and vanishes!
You are too confused!
You mangle something!! Trog accepts your kill.
Reactivating autopickup.
You feel a bit more experienced.
You feel less confused. Something hits you.
* * * LOW HITPOINT WARNING * * *
Deactivating autopickup; reactivate with Ctrl-A.
Your skin crawls.
You feel strong-willed. Something hits you.
* * * LOW HITPOINT WARNING * * *
You mangle something!! Trog accepts your kill.
Trog appreciates your killing of a magic user.
Reactivating autopickup.
You feel a bit more experienced. The orc priest closely misses you.
You see here a sky beast corpse.
You scratch the orc priest.
The orc priest is lightly wounded.
The orc priest hits you with a +2 falchion of electrocution.
* * * LOW HITPOINT WARNING * * *
You are electrocuted!
You die...

#..............##
#..##
##..............#
###.>.#
##..........##.
#......
#########.##
#......
#####.####
#......
#...(....#
....####.
#........# ###.
... #....~...###
.. ..##
#..)h).......##
###
#...o....###.#
#........#
#...........
#.....###~..
##.#.#. #≈~
#.#.#.⌠ ~≈
#.#.#...


You could see an orc priest.

Vanquished Creatures
  Sigmund (D:3)
  2 water moccasins
  2 sky beasts (D:7)
  A black bear (D:5)
  An ogre (D:5)
  A phantom (D:5)
  7 elf zombies
  A bullfrog (D:6)
  2 scorpions
  3 elf skeletons (D:4)
  3 human zombies (Ossuary)
  2 jellies
  A bombardier beetle (D:5)
  A hound (D:7)
  An orc priest (D:4)
  A sleepcap (D:6)
  A gnoll bouda (D:7)
  3 human skeletons (D:4)
  Terence (D:3)
  3 iguanas
  4 orc wizards
  2 crocodile zombies (Ossuary)
  A bullfrog simulacrum (Ossuary)
  4 spectral hounds (Ossuary)
  3 mummies (Ossuary)
  5 gnolls (D:7)
  7 adders
  5 hound simulacra (Ossuary)
  A shadow imp (D:5)
  4 ufetubi (D:6)
  3 spectral gnolls (Ossuary)
  A dart slug (D:5)
  3 adder simulacra (Ossuary)
  13 orcs
  8 ball pythons
  6 endoplasms
  5 gnoll zombies (Ossuary)
  8 goblins
  5 hobgoblins
  10 jackals
  9 bats
  7 frilled lizards
  2 gnoll simulacra (Ossuary)
  A jackal simulacrum (Ossuary)
  9 kobolds
  4 kobold zombies (Ossuary)
  2 orc skeletons (D:4)
  7 orc zombies (Ossuary)
  5 rats
  3 spectral jackals (Ossuary)
185 creatures vanquished.

Notes
Turn   | Place    | Note
-------+----------+-------------------------------------------
     0 | D:1      | Loonster the Troll Berserker began the quest for the Orb.
     0 | D:1      | Reached XP level 1. HP: 22/22 MP: 0/0
   219 | D:1      | Reached XP level 2. HP: 29/29 MP: 1/1
   383 | D:1      | Reached skill level 4 in Unarmed Combat
   552 | D:1      | Reached ** piety under Trog
   553 | D:1      | Reached XP level 3. HP: 36/36 MP: 2/2
  1129 | D:2      | Reached XP level 4. HP: 44/44 MP: 3/3
  1170 | D:2      | Reached skill level 5 in Unarmed Combat
  1261 | D:2      | Found Lufulu's One-of-a-Kind Rings.
  1785 | D:3      | Noticed Terence
  1786 | D:3      | Noticed a scorpion
  1792 | D:3      | Killed a scorpion
  1793 | D:3      | Reached skill level 6 in Unarmed Combat
  1793 | D:3      | Reached XP level 5. HP: 43/50 MP: 4/4
  1802 | D:3      | Killed Terence
  1866 | D:3      | Reached *** piety under Trog
  1897 | D:3      | Noticed Sigmund
  1917 | D:3      | Killed Sigmund
  1918 | D:3      | Reached skill level 7 in Unarmed Combat
  1918 | D:3      | Reached XP level 6. HP: 25/59 MP: 5/5
  2679 | D:4      | Identified the +2 sling "Satex" {elec, rF+ rN+ Will+}
  2717 | D:4      | Reached skill level 1 in Shapeshifting
  2735 | D:4      | Reached XP level 7. HP: 63/66 MP: 6/6
  2741 | D:4      | Found a sand-covered staircase.
  2764 | Ossuary  | Entered an ossuary
  2905 | Ossuary  | Reached **** piety under Trog
  3007 | Ossuary  | Reached skill level 5 in Shapeshifting
  3040 | Ossuary  | Reached XP level 8. HP: 70/74 MP: 7/7
  3605 | D:4      | Reached skill level 8 in Unarmed Combat
  4080 | D:5      | Entered Level 5 of the Dungeon
  4321 | D:5      | Reached ***** piety under Trog
  4322 | D:5      | Reached skill level 9 in Unarmed Combat
  4358 | D:5      | Reached XP level 9. HP: 80/80 MP: 8/8
  4707 | D:6      | Found a staircase to the Ecumenical Temple.
  5025 | D:6      | Found a broken altar of Ashenzari.
  5260 | D:7      | Reached skill level 10 in Unarmed Combat
  5321 | D:7      | Slain by an orc priest

Illustrated notes

Levels and vault maps discovered:
D:1:      eino_arrival_druids_welcome, layout_basic
D:2:      layout_loops_corners, minivault_5, nicolae_shop_unique_rings
D:3:      layout_basic, nrook_uturn, grunt_decor_resistance, fountainhead,
          chequers_serial_rivers_micro_e, uniq_terence, uniq_sigmund
D:4:      layout_basic, nicolae_ossuary_entry_catacombs
D:5:      cheibrodos_quashed, layout_rooms, kennysheep_generic_room_14
D:6:      layout_cave_pools, mainiacjoe_overflow_paths,
          minmay_temple_entry_junction_2, mrwooster_statue_mirror
D:7:      layout_rooms, fountainhead

Skill      XL: |  1  2  3  4  5  6  7  8  9 |
---------------+----------------------------+-----
Unarmed Combat | 4 6 7 9 10 | 10.6
Shapeshifting  | 2 5 7 |  7.2
Fighting       | |  2.4
Dodging        | |  2.4

Action                     |  1- 3 |  4- 6 |  7- 9 || total
---------------------------+-------+-------+-------++-------
  Melee: Unarmed           |   105 |    95 |   260 ||   460
         Punch             |     2 |     1 |    20 ||    23
 Invoke: Trog's Hand       |       |     1 |     1 ||     2
         Berserk           |       |       |     2 ||     2
   Stab: Sleeping          |     1 |       |       ||     1
 Armour: Animal skin       |    63 |    39 |   154 ||   256
  Dodge: Dodged            |    54 |    33 |    91 ||   178
   Form: Beast             |       |       |     1 ||     1

Table legend: (Time is in decaauts)
 A = Elapsed time spent in this place.
 B = Non-inter-level travel time spent in this place.
 C = Inter-level travel time spent in this place.
 D = Time resting spent in this place.
 E = Time spent auto-exploring this place.
 F = Levels seen in this place.
 G = Mean time per level.
                   A        B        C        D        E       F      G
               +--------+--------+--------+--------+--------+-----+--------+
         Total |   5281 |   5125 |    156 |     71 |   3847 |   8 |  660.1 |
       Dungeon |   4841 |   4685 |    156 |     10 |   3805 |   7 |  691.6 |
       Ossuary |    439 |    439 |      0 |     61 |     42 |   1 |  439.0 |
               +--------+--------+--------+--------+--------+-----+--------+

Top non-repeatable levels by time:
     D:4: 1170 daAuts
     D:2: 923 daAuts
     D:3: 765 daAuts
     D:1: 755 daAuts
     D:6: 544 daAuts
     D:5: 541 daAuts
 Ossuary: 439 daAuts
     D:7: 141 daAuts
